 Dungeon Crawl Stone Soup version 0.26-a0-667-g92642533e4 (webtiles) character file.

Game seed: 8503150410409121018

636 grandjackal the Ruffian (level 7, -1/55 HPs)
             Began as a Demonspawn Gladiator on Oct 18, 2020.
             Slain by Duvessa
             ... wielding a +0 short sword
              (8 damage)
             ... on level 5 of the Dungeon.
             The game lasted 00:04:11 (4423 turns).

grandjackal the Ruffian (Demonspawn Gladiator)      Turns: 4423, Time: 00:04:11

Health: -1/55      AC:  5    Str: 16    XL:     7   Next: 25%
Magic:  7/7        EV: 14    Int: 10    God:
Gold:   185        SH:  0    Dex: 14    Spells: 6/6 levels left

rFire    . . .     SeeInvis .   a - +0 long sword
rCold    . . .     Faith    .   (no shield)
rNeg     . . .     Spirit   .   b - +0 leather armour
rPois    .         Reflect  .   (helmet restricted)
rElec    .         Harm     .   t - +1 cloak
rCorr    .         Rampage  .   (no gloves)
MR       .....                  (no boots)
Stlth    +.........             (no amulet)
HPRegen  0.18/turn              o - ring of wizardry
MPRegen  0.10/turn              (no ring)

@: no status effects
A: antennae 2, claws 1, talons 1, spiny 1
a: no special abilities


You were on level 5 of the Dungeon.
You visited 2 branches of the dungeon, and saw 6 of its levels.

You collected 185 gold pieces.

Inventory:

Hand Weapons
 a - a +0 long sword (weapon)
Missiles
 d - 4 throwing nets (quivered)
Armour
 b - a +0 leather armour (worn)
 t - a +1 cloak (worn)
Jewellery
 o - a ring of wizardry (left claw)
Wands
 v - a wand of flame (10)
Scrolls
 c - a scroll of enchant armour {unknown}
 e - 2 scrolls of fog {unknown}
 f - 5 scrolls of remove curse {unknown}
 i - a scroll of fear {unknown}
 k - a scroll of magic mapping {unknown}
 m - 6 scrolls of identify {unknown}
 n - 2 scrolls of immolation {unknown}
 p - 3 scrolls of noise {unknown}
 q - 2 scrolls of teleportation {unknown}
 r - a scroll of enchant weapon {unknown}
 u - a scroll of random uselessness {unknown}
 w - a scroll of amnesia {unknown}
Potions
 g - 2 potions of stabbing {unknown}
 h - a potion of invisibility {unknown}
 j - a potion of brilliance {unknown}
 l - a potion of curing
 s - 2 potions of mutation {unknown}
 x - a potion of cancellation {unknown}
 z - a potion of berserk rage {unknown}


   Skills:
 + Level 4.3 Fighting
 - Level 2.9 Long Blades
 - Level 1.7 Throwing
 + Level 4.4 Dodging
 * Level 4.7 Unarmed Combat


You had 6 spell levels left.
You didn't know any spells.
Your spell library was empty.

Dungeon Overview and Level Annotations

Branches:
Dungeon (5/15)             Temple (1/1) D:4

Altars:
Ashenzari
Dithmenos
Gozag
Hepliaklqana
Makhleb
Nemelex Xobeh
Okawaru
Qazlal
Sif Muna
Wu Jian
Xom
Yredelemnul
Zin
The Shining One

Annotations:
D:5 Dowan, Duvessa


Innate Abilities, Weirdness & Mutations

You have a pair of antennae on your head.
You have sharp fingernails.
You have sharp toenails.
You are partially covered in sharp spines.


Message History

Duvessa is moderately wounded.
Duvessa is struck by your spines. Duvessa barely misses you.
Duvessa hits you with a +0 short sword.
You slash Duvessa!
Duvessa is heavily wounded.
Duvessa is struck by your spines. Duvessa barely misses you.
Dowan mumbles some strange words.
Dowan blinks!
You hit Duvessa but do no damage.
Duvessa is heavily wounded.
Duvessa drinks a potion.
Duvessa is healed!
Duvessa hits you with a +0 short sword!
* * * LOW HITPOINT WARNING * * *
You barely miss Duvessa.
Duvessa is heavily wounded.
Duvessa is struck by your spines. Duvessa misses you.
Duvessa hits you with a +0 short sword!
* * * LOW HITPOINT WARNING * * *
Duvessa is struck by your spines. Duvessa hits you with a +0 short sword!
You die...

###########
#.........#
#.#.......#
#.........#####
#####.............
#@e...e.......###.
#####....##'#.# .
#....##.#.# #
#....##+#..
#...e.. ...#
##..........
#..........#
#...######.# .#


You could see Duvessa (fast) and Dowan.

Vanquished Creatures
  Sigmund (D:2)
  An ogre (D:4)
  A howler monkey (D:4)
  3 electric eels (D:3)
  Jessica (D:2)
  Terence (D:2)
  3 worker ants
  3 gnolls (D:2)
  3 adders
  An ooze (D:3)
  An adder skeleton (D:4)
  A dart slug (D:1)
  An orc (D:4)
  3 giant cockroaches
  8 hobgoblins
  6 jackals (D:1)
  8 kobolds
  9 bats
  6 frilled lizards
  5 goblins
  7 rats
73 creatures vanquished.

Vanquished Creatures (others)
  2 plants (D:3)
2 creatures vanquished.

Grand Total: 75 creatures vanquished

Notes
Turn   | Place    | Note
-------+----------+-------------------------------------------
     0 | D:1      | grandjackal the Demonspawn Gladiator began the quest for
                  | the Orb.
     0 | D:1      | Reached XP level 1. HP: 16/16 MP: 1/1
    70 | D:1      | Gained mutation: You have sharp toenails. [demonic
                  | ancestry]
    70 | D:1      | Reached XP level 2. HP: 7/22 MP: 2/2
   553 | D:1      | Reached skill level 1 in Unarmed Combat
   583 | D:1      | Gained mutation: You have sharp fingernails. [demonic
                  | ancestry]
   583 | D:1      | Reached XP level 3. HP: 26/28 MP: 3/3
  1036 | D:2      | Reached XP level 4. HP: 21/34 MP: 4/4
  1249 | D:2      | Noticed Terence
  1251 | D:2      | Noticed Sigmund
  1270 | D:2      | Killed Terence
  1750 | D:2      | Killed Sigmund
  1750 | D:2      | Gained mutation: You are partially covered in sharp spines.
                  | [demonic ancestry]
  1750 | D:2      | Reached XP level 5. HP: 30/41 MP: 5/5
  1750 | D:2      | Gained mutation: You have a pair of small antennae on your
                  | head. [demonic ancestry]
  1750 | D:2      | Reached XP level 6. HP: 34/47 MP: 6/6
  1852 | D:2      | Noticed Jessica
  1857 | D:2      | Killed Jessica
  2346 | D:3      | Found a transporter.
  2500 | D:3      | Found a transporter.
  3021 | D:3      | Found a burning altar of Makhleb.
  3526 | D:4      | Gained mutation: You have a pair of antennae on your head.
                  | [demonic ancestry]
  3526 | D:4      | Reached XP level 7. HP: 34/54 MP: 7/7
  3851 | D:4      | Found a staircase to the Ecumenical Temple.
  3866 | Temple   | Entered the Ecumenical Temple
  4159 | D:5      | Entered Level 5 of the Dungeon
  4175 | D:5      | Noticed Dowan
  4176 | D:5      | Noticed Duvessa
  4423 | D:5      | Slain by Duvessa

Illustrated notes

Levels and vault maps discovered:
D:1:      dpeg_arrival_simpleton_c, layout_basic
D:2:      layout_loops_ring, uniq_jessica, uniq_terence, uniq_sigmund
D:3:      gammafunk_steamed_eel, layout_loops_ring, old_standard_altar
D:4:      cheibrodos_quashed, layout_basic, minmay_temple_entry_glass
D:5:      layout_basic, serial_shops, nicolae_shop_behind_doors,
          feat_on_display, uniq_prince_ribbit1, uniq_eustachio, uniq_duvessa
Temple:   dshaligram_water_room_temple

Skill      XL: |  1  2  3  4  5  6 |
---------------+-------------------+-----
Dodging        | 3 4 |  4.4
Unarmed Combat | 1 3 4 |  4.7
Fighting       | 3 4 |  4.3
Long Blades    | |  2.9
Throwing       | |  1.7

Action                   |  1- 3 |  4- 6 |  7- 9 || total
-------------------------+-------+-------+-------++-------
Melee: Long sword        |    83 |    56 |    24 ||   163
       Kick              |    21 |    25 |     8 ||    54
       Punch             |       |     1 |     1 ||     2
Evoke: Wand              |       |     3 |     1 ||     4
 Stab: Sleeping          |     1 |       |       ||     1
Armor: Leather armour    |    15 |     8 |     4 ||    27
Dodge: Dodged            |    75 |    32 |    16 ||   123
       Rpst.: Long sword |    18 |    12 |     4 ||    34

Table legend: (Time is in decaauts)
 A = Elapsed time spent in this place.
 B = Non-inter-level travel time spent in this place.
 C = Inter-level travel time spent in this place.
 D = Time resting spent in this place.
 E = Time spent auto-exploring this place.
 F = Levels seen in this place.
 G = Mean time per level.
                   A        B        C        D        E       F      G
               +--------+--------+--------+--------+--------+-----+--------+
         Total |   4467 |   4313 |    154 |   1626 |   2049 |   6 |  744.5 |
       Dungeon |   4399 |   4261 |    138 |   1626 |   2049 |   5 |  879.8 |
        Temple |     67 |     51 |     16 |      0 |      0 |   1 |   67.0 |
               +--------+--------+--------+--------+--------+-----+--------+

Top non-repeatable levels by time:
     D:3: 1548 daAuts
     D:4: 1025 daAuts
     D:2: 956 daAuts
     D:1: 819 daAuts
  Temple: 67 daAuts
     D:5: 50 daAuts
